 Dungeon Crawl Stone Soup version 0.29.0-4-gdea44cf6ec (webtiles) character file.

Game seed: 7786251784839402434

409 qw the Cleaver (level 6, -3/52 HPs)
             Began as a Minotaur Fighter on Sept 9, 2022.
             Slain by a gnoll
             ... wielding a +0 club
              (7 damage)
             ... on level 4 of the Dungeon.
             The game lasted 00:01:41 (3671 turns).

qw the Cleaver (Minotaur Fighter)                   Turns: 3671, Time: 00:01:42

Health: -3/52      AC:  9    Str: 23      XL:     6   Next: 58%
Magic:  5/5        EV:  7    Int:  4 (5)  God:
Gold:   86         SH:  4    Dex:  8 (9)  Spells: 5/5 levels left

rFire   . . .      SeeInvis .   Y - +2 war axe
rCold   . . .      Faith    .   c - +0 buckler
rNeg    . . .      Spirit   .   k - +0 chain mail
rPois   .          Reflect  .   (helmet restricted)
rElec   .          Harm     .   (no cloak)
rCorr   .          Rampage  .   (no gloves)
Will    .....      Clarity  +   (no boots)
Stlth   ..........              (no amulet)
HPRegen 0.17/turn               (no ring)
MPRegen 0.09/turn               (no ring)

@: weakened
A: horns 2, retaliatory headbutt, hooves 1, clarity, deterioration 1
a: no special abilities


You were on level 4 of the Dungeon.
You visited 1 branch of the dungeon, and saw 4 of its levels.

You collected 86 gold pieces.


Innate Abilities, Weirdness & Mutations

You have a pair of horns on your head.
You reflexively headbutt those who attack you in melee.
You have large cloven feet.
You possess an exceptional clarity of mind.
Your body sometimes deteriorates upon taking damage.


   Skills:
 - Level 4.1 Fighting
 + Level 8.2 Axes
 - Level 3.6 Armour
 - Level 1.1 Dodging
 - Level 3.6 Shields


You had 5 spell levels left.
You didn't know any spells.
Your spell library was empty.

Inventory:

Hand Weapons
 p - a +2 hand axe of flaming
 Y - a +2 war axe (weapon)
Missiles
 o - 2 boomerangs (quivered)
Armour
 c - a +0 buckler (worn)
 k - a +0 chain mail (worn)
Scrolls
 b - a scroll of summoning {unknown}
 f - a scroll of identify
Potions
 a - a potion of curing {unknown}
 d - a potion of might
 e - a potion of attraction {unknown}
 g - a potion of mutation
 h - a potion of degeneration {unknown}
 i - a potion of ambrosia {unknown}
 r - a potion of haste {unknown}

Dungeon Overview and Level Annotations

Branches:
Dungeon (4/15)
 Temple: D:4-7

Altars:


Message History

The gnoll barely misses you.
The gnoll bouda gazes fiercely through you!
You feel as though you will be weak longer.
The gnoll bouda barely misses you. The gnoll hits you but does no damage.
The gnoll hits you with a +0 flail!
Your body deteriorates!
You feel dopey.
You closely miss the gnoll bouda. Your kick misses the gnoll bouda.
Your headbutt misses the gnoll bouda.
The gnoll bouda is heavily wounded.
You barely miss the gnoll.
The gnoll bouda hits you but does no damage.
The gnoll barely misses you.
The gnoll hits you from afar with a +0 spear.
The gnoll hits you with a +0 flail!
You hit the gnoll bouda.
You kick the gnoll bouda, but do no damage.
Your headbutt misses the gnoll bouda.
The gnoll bouda is heavily wounded.
You hit the gnoll.
Your surroundings suddenly seem different.
A ball python, 4 gnolls and an endoplasm come into view.
The gnoll shouts! x4
The ball python bites you but does no damage.
You block the ball python's attack. The gnoll hits you with a +0 spear.
Enter note: You barely miss the gnoll.
You hit the ball python.
The ball python bites you but does no damage.
The ball python grabs you. The ball python constricts you.
You block the gnoll's attack.
The ball python bites you but does no damage.
The ball python constricts you.
You hit the ball python.
You kill the ball python!
You hit the gnoll. You block the gnoll's attack.
You hit the gnoll. Your headbutt misses the gnoll.
The gnoll is moderately wounded.
You hit the gnoll. The gnoll hits you with a +0 club!
You die...

####+#####
#.........
#.........
#.........
#..g......
#.g.......
#.@gg.....
#.%......##
.....#.###.#
....... .#
...J... .#
....... .#
....... .#
....... .#


You could see 4 gnolls and an endoplasm.

Vanquished Creatures
  3 orc priests (D:3)
  2 orc wizards (D:3)
  2 gnolls (D:4)
  7 river rats (D:3)
  8 adders
  7 worms
  3 dart slugs
  5 orcs (D:3)
  6 ball pythons
  6 bats
  7 endoplasms
  3 giant cockroaches
  7 goblins
  7 hobgoblins
  4 jackals (D:2)
  6 kobolds
  2 quokkas (D:1)
  7 frilled lizards
  10 rats
102 creatures vanquished.

Notes
Turn   | Place    | Note
-------+----------+-------------------------------------------
     0 | D:1      | qw the Minotaur Fighter began the quest for the Orb.
     0 | D:1      | Reached XP level 1. HP: 19/19 MP: 0/0
     0 | D:1      | 0 ||| qw: Version: 0.1-a-113-g051387a
     0 | D:1      | 0 ||| qw: Game counter: 6899
     0 | D:1      | 0 ||| qw: Always use a shield: true
     0 | D:1      | 0 ||| qw: God list: Ru
     0 | D:1      | 0 ||| qw: Allow faded altars: false
     0 | D:1      | 0 ||| qw: Do Orc after D:15 true
     0 | D:1      | 0 ||| qw: Do second Lair branch before Depths: true
     0 | D:1      | 0 ||| qw: Lair rune preference: random
     0 | D:1      | 0 ||| qw: Plans: Normal
     0 | D:1      | 0 ||| PLANNING D:1-11
    65 | D:1      | 65 ||| Stepping ~*~*~tactically~*~*~ (stealth).
    70 | D:1      | Reached skill level 3 in Axes
    71 | D:1      | 71 ||| Stepping ~*~*~tactically~*~*~ (stealth).
    72 | D:1      | 72 ||| Stepping ~*~*~tactically~*~*~ (stealth).
   159 | D:1      | Reached XP level 2. HP: 19/26 MP: 1/1
   257 | D:1      | 257 ||| Stepping ~*~*~tactically~*~*~ (stealth).
   258 | D:1      | 258 ||| Stepping ~*~*~tactically~*~*~ (stealth).
   296 | D:1      | 296 ||| Stepping ~*~*~tactically~*~*~ (hiding).
   322 | D:1      | 322 ||| Stepping ~*~*~tactically~*~*~ (stealth).
   558 | D:1      | Reached skill level 4 in Axes
   851 | D:1      | Reached XP level 3. HP: 31/31 MP: 2/2
  1053 | D:1      | 1053 ||| READING scroll labelled XOUTEFO XIZUL.
  1057 | D:1      | 1057 ||| READING scroll labelled ECUATO KITT.
  1083 | D:2      | 1083 ||| Stepping ~*~*~tactically~*~*~ (stealth).
  1085 | D:2      | 1085 ||| Stepping ~*~*~tactically~*~*~ (stealth).
  1090 | D:2      | 1090 ||| Stepping ~*~*~tactically~*~*~ (stealth).
  1091 | D:2      | 1091 ||| Stepping ~*~*~tactically~*~*~ (stealth).
  1092 | D:2      | 1092 ||| Stepping ~*~*~tactically~*~*~ (stealth).
  1093 | D:2      | 1093 ||| Stepping ~*~*~tactically~*~*~ (stealth).
  1241 | D:2      | Reached skill level 5 in Axes
  1470 | D:2      | Reached XP level 4. HP: 39/39 MP: 3/3
  1496 | D:2      | 1496 ||| Stepping ~*~*~tactically~*~*~ (stealth).
  1497 | D:2      | 1497 ||| Stepping ~*~*~tactically~*~*~ (stealth).
  1501 | D:2      | 1501 ||| DROPPING +0 club.
  1619 | D:2      | Reached skill level 1 in Dodging
  1806 | D:2      | 1806 ||| READING scroll labelled SUILLIAGIR.
  1807 | D:2      | 1807 ||| READING scroll labelled DOIMEI TARIJI.
  1808 | D:2      | 1808 ||| READING scroll labelled QEQI AGGUIJUT.
  1809 | D:2      | 1809 ||| READING scroll labelled XIZANU QOFEL.
  1810 | D:2      | 1810 ||| DRINKING 2 sedimented golden potions.
  1810 | D:2      | Gained mutation: You have large cloven feet. [potion of
                  | mutation]
  1810 | D:2      | Gained mutation: You possess an exceptional clarity of
                  | mind. [potion of mutation]
  1810 | D:2      | Gained mutation: Your body sometimes deteriorates upon
                  | taking damage. [potion of mutation]
  1819 | D:3      | 1819 ||| PLANNING SEWER
  1832 | D:3      | 1832 ||| Stepping ~*~*~tactically~*~*~ (stealth).
  1833 | D:3      | 1833 ||| Stepping ~*~*~tactically~*~*~ (stealth).
  1841 | D:3      | 1841 ||| READING scroll of enchant weapon.
  1841 | D:3      | 1841 ||| ENCHANTING +1 war axe.
  1980 | D:3      | Reached skill level 6 in Axes
  1989 | D:3      | Reached XP level 5. HP: 17/45 MP: 4/4
  1990 | D:3      | HP: 8/45 [orc priest/+0 trident (5)]
  2350 | D:3      | 2350 ||| FLEEEEING.
  2351 | D:3      | 2351 ||| FLEEEEING.
  2353 | D:3      | 2353 ||| FLEEEEING.
  2354 | D:3      | 2354 ||| FLEEEEING.
  2355 | D:3      | 2355 ||| FLEEEEING.
  2356 | D:3      | 2356 ||| FLEEEEING.
  2357 | D:3      | 2357 ||| FLEEEEING.
  2358 | D:3      | 2358 ||| FLEEEEING.
  2359 | D:3      | 2359 ||| FLEEEEING.
  2360 | D:3      | 2360 ||| FLEEEEING.
  2376 | D:3      | 2376 ||| FLEEEEING.
  2479 | D:3      | 2479 ||| Stepping ~*~*~tactically~*~*~ (stealth).
  2543 | D:3      | 2543 ||| RIP SEWER
  2564 | D:3      | 2564 ||| PLANNING D:1-11
  2614 | D:3      | 2614 ||| Stepping ~*~*~tactically~*~*~ (hiding).
  2618 | D:3      | 2618 ||| Stepping ~*~*~tactically~*~*~ (hiding).
  2625 | D:3      | Reached skill level 7 in Axes
  2726 | D:3      | 2726 ||| DROPPING +0 whip.
  2733 | D:3      | 2733 ||| Stepping ~*~*~tactically~*~*~ (hiding).
  2741 | D:3      | Reached XP level 6. HP: 21/52 MP: 5/5
  2921 | D:3      | 2921 ||| DROPPING +0 flail.
  2966 | D:3      | 2966 ||| Stepping ~*~*~tactically~*~*~ (stealth).
  2998 | D:3      | 2998 ||| Stepping ~*~*~tactically~*~*~ (water).
  3365 | D:3      | Reached skill level 8 in Axes
  3519 | D:3      | 3519 ||| UPGRADING to +0 chain mail.
  3529 | D:3      | 3529 ||| DROPPING +0 scale mail.
  3530 | D:3      | 3530 ||| READING 2 scrolls labelled UTUBRO FOSOERGH.
  3531 | D:3      | 3531 ||| READING scroll labelled DIAFIH FAHOTOA.
  3532 | D:3      | 3532 ||| READING scroll labelled JYOXUT NUNI.
  3533 | D:3      | 3533 ||| DRINKING 3 dark potions.
  3534 | D:3      | 3534 ||| DRINKING 2 black potions.
  3535 | D:3      | 3535 ||| DROPPING scroll of magic mapping.
  3536 | D:3      | 3536 ||| DROPPING 2 potions of brilliance.
  3664 | D:4      | HP: 12/52 [gnoll bouda/+0 club (9)]
  3665 | D:4      | 3665 ||| READING scroll of teleportation.
  3666 | D:4      | 3666 ||| DRINKING potion of heal wounds.
  3668 | D:4      | HP: 4/52 [gnoll/+0 spear (5)]
  3671 | D:4      | Slain by a gnoll

Levels and vault maps discovered:
D:1:      matt_arrival_grand_opening, layout_loops_ring, minivault_25
D:2:      minmay_wonky_spiral, layout_loops_cross
D:3:      layout_loops_ring, lightli_sewer_entry_pipes, kennysheep_doodads,
          minmay_stone_trees_small
D:4:      layout_basic, xom_teletrap_fun, mainiacjoe_overflow_cross_hatched,
          gammafunk_temple_overflow_statue, grunt_ministairs_10, uniq_duvessa

Skill      XL: |  1  2  3  4  5  6 |
---------------+-------------------+-----
Axes           | 3 4 5 6 7 8 |  8.2
Dodging        | 1 |  1.1
Fighting       | 4 |  4.1
Armour         | |  3.6
Shields        | |  3.6

Action                   |  1- 3 |  4- 6 || total
-------------------------+-------+-------++-------
Melee: War axe           |    99 |   161 ||   260
       Headbutt          |    11 |    18 ||    29
       Kick              |       |    23 ||    23
Throw: Boomerang         |       |     7 ||     7
  Use: Scroll            |     2 |     9 ||    11
       Potion            |       |     4 ||     4
Armor: Scale mail        |    33 |    41 ||    74
       Chain mail        |       |    12 ||    12
Dodge: Dodged            |    38 |    63 ||   101
Block: Buckler           |    18 |    26 ||    44

Table legend:
 A = Non-vault XP
 B = Vault XP
 C = Vault XP percentage of total XP
 D = Non-vault monster count
 E = Vault monster count
 F = Vault count percentage of total count
                 A         B        C        D         E       F
            +---------+---------+-------+---------+---------+-------
      Total |     381 |     204 |  34.9 |      80 |      22 |  21.6
            +---------+---------+-------+---------+---------+-------
        D:1 |      46 |       0 |   0.0 |      26 |       0 |   0.0
        D:2 |      81 |      10 |  11.0 |      26 |       4 |  13.3
        D:3 |     250 |     166 |  39.9 |      26 |      16 |  38.1
        D:4 |       4 |      28 |  87.5 |       2 |       2 |  50.0
            +---------+---------+-------+---------+---------+-------
